 Dungeon Crawl Stone Soup version 0.24-a0-525-g9231cdc (webtiles) character file.

Game seed: 8303733148498075794

133 HarryHood the Skirmisher (level 4, 0/44 HPs)
             Began as a Minotaur Berserker on Aug 3, 2019.
             Was a Believer of Trog.
             Slain by an ogre
             ... wielding a +0 giant club
              (20 damage)
             ... on level 3 of the Dungeon.
             The game lasted 00:05:55 (1051 turns).

HarryHood the Skirmisher (Minotaur Berserker)       Turns: 1051, Time: 00:05:55

Health: 0/44       AC:  9    Str: 22    XL:     4   Next: 94%
Magic:  3/3        EV:  8    Int:  4    God:    Trog [**....]
Gold:   113        SH:  0    Dex: 10    Spells: 3/3 levels left

rFire    . . .     SeeInvis .   a - +0 flail
rCold    . . .     Gourm    .   (no shield)
rNeg     . . .     Faith    .   c - +1 chain mail
rPois    .         Spirit   .   (helmet restricted)
rElec    .         Reflect  .   (no cloak)
rCorr    .         Harm     .   (no gloves)
MR       .....                  (no boots)
Stlth    ..........             (no amulet)
HPRegen  0.14/turn              (no ring)
MPRegen  0.08/turn              (no ring)

@: no status effects
A: retaliatory headbutt, horns 2
a: Berserk, Trog's Hand, Renounce Religion


You were on level 3 of the Dungeon.
You worshipped Trog.
Trog was pleased with you.
You were hungry.

You visited 1 branch of the dungeon, and saw 3 of its levels.

You collected 113 gold pieces.

Inventory:

Hand Weapons
 a - a +0 flail (weapon)
 j - a +0 mace
Missiles
 b - 30 sling bullets
Armour
 c - a +1 chain mail (worn)
Potions
 d - 3 potions of haste
 g - 2 potions of ambrosia
 l - a potion of cancellation {unknown}
Comestibles
 e - 7 rations {@e1}


   Skills:
 - Level 6.1 Fighting
 + Level 4.7 Maces & Flails
 - Level 2.4 Armour
 - Level 2.1 Dodging


You had 3 spell levels left.
You didn't know any spells.
Your spell library was empty.

Dungeon Overview and Level Annotations

Branches:
Dungeon (3/15)

Altars:


Innate Abilities, Weirdness & Mutations

You reflexively headbutt those who attack you in melee.
You have a pair of horns on your head.


Message History

The goblin shouts!
You hear a bark!
You see here a +0 short sword.
You see here a +0 short sword.
You barely miss the jackal. The jackal closely misses you.
The jackal misses you. You furiously retaliate!
You headbutt the jackal. You closely miss the jackal.
Your headbutt misses the jackal.
The jackal bites you but does no damage.
You hit the jackal.
You kill the jackal!
Trog accepts your kill.
You hit the goblin.
You kill the goblin!
Trog accepts your kill.
You hit the ogre. You headbutt the ogre!
The ogre hits you with a +0 giant club!!
Ouch! That really hurt!
You take 24 damage, and have 20/44 hp.
MASSIVE DAMAGE!!
You barely miss the ogre.
The ogre hits you with a +0 giant club!!
You die...

#?...[...........
.............#.####.
##...........O.......
#...g..#####.#
##...........#
.#.##.#>.######
........#.#
....##.##O##
###.#.#@#######.
........<.......
#####.########## ##


You could see an ogre.

Vanquished Creatures
  Terence (D:2)
  Jessica (D:2)
  3 adders
  A worm (D:2)
  3 leopard geckos
  2 ball pythons
  4 giant cockroaches
  4 goblins
  3 hobgoblins
  5 jackals
  7 kobolds
  A quokka (D:2)
  4 bats
  7 rats
46 creatures vanquished.

Notes
Turn   | Place    | Note
-------+----------+-------------------------------------------
     0 | D:1      | HarryHood the Minotaur Berserker began the quest for the
                  | Orb.
     0 | D:1      | Reached XP level 1. HP: 19/19 MP: 0/0
    72 | D:1      | Reached skill level 4 in Fighting
   106 | D:1      | Reached XP level 2. HP: 28/28 MP: 1/1
   457 | D:2      | Reached skill level 5 in Fighting
   465 | D:2      | Reached XP level 3. HP: 18/36 MP: 2/2
   494 | D:2      | Reached ** piety under Trog
   524 | D:2      | Noticed Jessica
   542 | D:2      | Killed Jessica
   542 | D:2      | Reached skill level 6 in Fighting
   542 | D:2      | Reached XP level 4. HP: 21/44 MP: 3/3
   741 | D:2      | Noticed Terence
   755 | D:2      | Killed Terence
   755 | D:2      | Reached skill level 4 in Maces & Flails
   998 | D:3      | Noticed an ogre
  1051 | D:3      | Slain by an ogre

Levels and vault maps discovered:
D:1:      doesnt_arrival_eight_statues, layout_rooms, minivault_4
D:2:      layout_rooms, nrook_loot_triangle, uniq_terence, uniq_jessica
D:3:      layout_loops_ring, lemuel_zombie_altar_kikubaaqudgha,
          minmay_misc_feat_ornament

Skill      XL: |  1  2  3  4 |
---------------+-------------+-----
Fighting       | 4 5 6 |  6.1
Maces & Flails | 4 |  4.7
Armour         | |  2.4
Dodging        | |  2.1

Action                   |  1- 3 |  4- 6 || total
-------------------------+-------+-------++-------
Melee: Mace              |    71 |    21 ||    92
       Headbutt          |    14 |     7 ||    21
       Flail             |       |    19 ||    19
  Use: Scroll            |     4 |     4 ||     8
Armor: Chain mail        |    73 |     9 ||    82
Dodge: Dodged            |    63 |    20 ||    83

Table legend:
 A = Non-vault XP
 B = Vault XP
 C = Vault XP percentage of total XP
 D = Non-vault monster count
 E = Vault monster count
 F = Vault count percentage of total count
                 A         B        C        D         E       F
            +---------+---------+-------+---------+---------+-------
      Total |     116 |      75 |  39.3 |      44 |       2 |   4.3
            +---------+---------+-------+---------+---------+-------
        D:1 |      27 |       0 |   0.0 |      17 |       0 |   0.0
        D:2 |      66 |      75 |  53.2 |      21 |       2 |   8.7
        D:3 |      23 |       0 |   0.0 |       6 |       0 |   0.0
            +---------+---------+-------+---------+---------+-------
